[ AOE2 MATCH · #478791925 ]
1v1 RMLithuanians vs Slavs
Rival team · WIN
[ REPLAY ANALYSIS · EXTRACTED FROM THE RECORDED GAME ]
Feudal
9:17
Castle
24:48
Imperial
40:14
| APM avg | 36.6 |
| APM peak | 87 |
| eAPM avg | 19.3 |
| Villagers / military | 94 / 64 |
Focus
⚔️ 21.3% · 🌾 78.7%
Archer ×30 · Knight ×20 · Scout Cavalry ×6 · Trebuchet (Packed) ×4 · Monk ×3 · Leitis ×1
Feudal
9:51
Castle
23:07
Imperial
42:19
| APM avg | 43.3 |
| APM peak | 82 |
| eAPM avg | 24.0 |
| Villagers / military | 162 / 97 |
Focus
⚔️ 33.8% · 🌾 66.2%
Spearman ×43 · Knight ×18 · Boyar ×10 · Skirmisher ×9 · Militia ×5 · Monk ×5
Match map
Resources at game start + every placement click. Thick line = wall · dashed box = detected house wall. 🟡 gold · ⚪ stone · 🟢 berries · 🔶 boar · ⭕ relic
Inputs per minute
— [KoM] SirFreddi - - ggeatom
Build order — [KoM] SirFreddi
First 150 of 255 actions detected
| 0:00 | Create | Villager (Male) |
| 0:01 | Create | Villager (Male) |
| 0:02 | Build | House |
| 0:03 | Build | House |
| 0:42 | Create | Villager (Male) |
| 0:49 | Create | Villager (Male) |
| 1:11 | Create | Villager (Male) |
| 1:37 | Create | Villager (Male) |
| 1:51 | Build | Lumber Camp |
| 1:53 | Create | Villager (Male) |
| 2:04 | Create | Villager (Male) |
| 2:32 | Create | Villager (Male) |
| 2:53 | Create | Villager (Male) |
| 2:53 | Create | Villager (Male) |
| 3:10 | Build | House |
| 3:22 | Create | Villager (Male) |
| 4:29 | Build | Mill |
| 4:36 | Create | Villager (Male) |
| 4:39 | Create | Villager (Male) |
| 4:53 | Create | Villager (Male) |
| 5:34 | Create | Villager (Male) |
| 5:52 | Create | Villager (Male) |
| 5:54 | Research | Loom |
| 6:53 | Research | Feudal Age |
| 7:36 | Build | Barracks |
| 7:44 | Build | House |
| 7:47 | Build | Palisade Wall |
| 8:22 | Create | Villager (Male) |
| 8:22 | Create | Villager (Male) |
| 8:39 | Build | House |
| 8:41 | Build | Palisade Wall |
| 8:51 | Build | Palisade Wall |
| 9:17 | Age | Feudal Age |
| 9:18 | Research | Double-Bit Axe |
| 9:20 | Research | Horse Collar |
| 9:30 | Build | Stable |
| 9:34 | Research | Horse Collar |
| 9:43 | Build | Palisade Wall |
| 10:01 | Create | Villager (Male) |
| 10:25 | Build | House |
| 10:29 | Build | Archery Range |
| 10:46 | Build | House |
| 10:48 | Build | House |
| 11:02 | Create | Villager (Male) |
| 11:03 | Create | Villager (Male) |
| 11:08 | Create | Archer |
| 11:27 | Build | Mining Camp |
| 11:30 | Create | Villager (Male) |
| 11:34 | Build | Farm |
| 12:00 | Build | Farm |
| 12:01 | Build | Farm |
| 12:02 | Create | Villager (Male) |
| 12:26 | Build | House |
| 12:29 | Build | House |
| 12:31 | Build | House |
| 12:33 | Build | House |
| 12:46 | Build | Palisade Wall |
| 12:56 | Build | Farm |
| 12:57 | Build | Farm |
| 12:59 | Create | Villager (Male) |
| 13:00 | Create | Archer |
| 13:19 | Create | Archer |
| 13:25 | Build | Farm |
| 13:34 | Create | Villager (Male) |
| 13:41 | Build | Farm |
| 14:01 | Create | Villager (Male) |
| 14:01 | Create | Villager (Male) |
| 14:14 | Create | Archer |
| 14:26 | Build | Blacksmith |
| 14:53 | Create | Archer |
| 14:54 | Create | Villager (Male) |
| 15:26 | Build | Mining Camp |
| 15:27 | Create | Villager (Male) |
| 15:42 | Build | Farm |
| 15:43 | Create | Villager (Male) |
| 15:54 | Build | Watch Tower |
| 16:25 | Build | Farm |
| 16:25 | Create | Villager (Male) |
| 16:27 | Create | Villager (Male) |
| 17:14 | Build | Watch Tower |
| 17:28 | Build | Mill |
| 17:29 | Create | Villager (Male) |
| 17:29 | Create | Villager (Male) |
| 17:37 | Create | Villager (Male) |
| 17:41 | Build | Farm |
| 18:38 | Create | Villager (Male) |
| 18:39 | Create | Villager (Male) |
| 18:41 | Create | Villager (Male) |
| 19:03 | Build | Market |
| 19:07 | Create | Scout Cavalry |
| 19:07 | Create | Scout Cavalry |
| 19:10 | Research | Bloodlines |
| 19:46 | Create | Scout Cavalry |
| 19:55 | Build | Farm |
| 19:56 | Build | Farm |
| 19:58 | Build | Lumber Camp |
| 20:03 | Create | Villager (Male) |
| 20:05 | Create | Villager (Male) |
| 20:27 | Build | Farm |
| 20:40 | Research | Fletching |
| 20:56 | Create | Villager (Male) |
| 21:27 | Create | Villager (Male) |
| 22:08 | Research | Castle Age |
| 22:16 | Build | Mining Camp |
| 22:33 | Build | Blacksmith |
| 22:48 | Research | Forging |
| 23:16 | Research | Forging |
| 23:45 | Build | Lumber Camp |
| 24:00 | Create | Villager (Male) |
| 24:01 | Create | Villager (Male) |
| 24:04 | Research | Scale Barding Armor |
| 24:12 | Research | Scale Barding Armor |
| 24:48 | Age | Castle Age |
| 24:52 | Create | Knight |
| 24:52 | Create | Knight |
| 24:59 | Research | Bow Saw |
| 25:21 | Research | Iron Casting |
| 25:22 | Create | Knight |
| 25:31 | Research | Iron Casting |
| 25:56 | Create | Knight |
| 26:02 | Create | Villager (Male) |
| 26:23 | Create | Villager (Male) |
| 26:29 | Create | Knight |
| 26:38 | Research | Heavy Plow |
| 26:45 | Create | Villager (Male) |
| 26:52 | Build | Farm |
| 26:58 | Build | Farm |
| 27:00 | Create | Knight |
| 27:08 | Build | House |
| 27:09 | Build | House |
| 27:14 | Build | Farm |
| 27:16 | Build | Farm |
| 27:16 | Create | Villager (Male) |
| 27:42 | Build | Castle |
| 27:48 | Create | Villager (Male) |
| 27:49 | Create | Villager (Male) |
| 27:51 | Create | Knight |
| 27:52 | Create | Villager (Male) |
| 28:20 | Create | Villager (Male) |
| 28:22 | Create | Knight ×2 |
| 28:22 | Create | Villager (Male) |
| 28:58 | Create | Villager (Male) |
| 29:01 | Create | Knight |
| 29:07 | Build | Mining Camp |
| 29:18 | Research | Bodkin Arrow |
| 29:27 | Build | Siege Workshop |
| 29:28 | Create | Villager (Male) |
| 29:30 | Create | Villager (Male) |
| 29:30 | Create | Villager (Male) |
| 29:34 | Create | Villager (Male) |
Build order — ggeatom
First 150 of 390 actions detected
| 0:00 | Create | Villager (Male) |
| 0:01 | Create | Villager (Male) |
| 0:01 | Create | Villager (Male) |
| 0:01 | Create | Villager (Male) |
| 0:03 | Build | House |
| 0:07 | Build | House |
| 1:23 | Create | Villager (Male) |
| 1:24 | Create | Villager (Male) |
| 1:24 | Create | Villager (Male) |
| 1:56 | Build | Lumber Camp |
| 2:05 | Create | Villager (Male) |
| 2:05 | Create | Villager (Male) |
| 2:24 | Create | Villager (Male) |
| 2:24 | Create | Villager (Male) |
| 2:25 | Create | Villager (Male) |
| 2:56 | Create | Villager (Male) |
| 2:56 | Create | Villager (Male) |
| 3:19 | Create | Villager (Male) |
| 3:20 | Create | Villager (Male) |
| 3:20 | Create | Villager (Male) |
| 3:41 | Create | Villager (Male) |
| 3:41 | Create | Villager (Male) |
| 3:42 | Create | Villager (Male) |
| 3:52 | Build | House |
| 4:09 | Create | Villager (Male) |
| 4:09 | Create | Villager (Male) |
| 4:36 | Create | Villager (Male) |
| 4:38 | Create | Villager (Male) |
| 4:38 | Create | Villager (Male) |
| 4:38 | Create | Villager (Male) |
| 4:52 | Build | Mill |
| 5:25 | Create | Villager (Male) |
| 5:25 | Create | Villager (Male) |
| 5:26 | Create | Villager (Male) |
| 5:47 | Create | Villager (Male) |
| 5:48 | Create | Villager (Male) |
| 5:55 | Create | Villager (Male) |
| 5:55 | Create | Villager (Male) |
| 5:56 | Create | Villager (Male) |
| 6:45 | Research | Loom |
| 6:52 | Build | House |
| 7:16 | Create | Villager (Male) |
| 7:23 | Build | Barracks |
| 7:39 | Research | Feudal Age |
| 7:40 | Research | Feudal Age |
| 8:14 | Create | Militia |
| 8:14 | Create | Militia |
| 8:14 | Create | Militia |
| 8:49 | Build | Mill |
| 9:01 | Create | Militia |
| 9:01 | Create | Militia |
| 9:33 | Create | Villager (Male) |
| 9:34 | Create | Villager (Male) |
| 9:51 | Age | Feudal Age |
| 10:11 | Research | Man-at-Arms (upgrade) |
| 10:11 | Research | Man-at-Arms (upgrade) |
| 10:18 | Create | Villager (Male) |
| 10:35 | Create | Villager (Male) |
| 10:39 | Build | Farm |
| 10:42 | Build | Farm |
| 10:51 | Build | Lumber Camp |
| 10:54 | Create | Villager (Male) |
| 11:05 | Build | Farm |
| 11:06 | Create | Villager (Male) |
| 11:22 | Create | Spearman |
| 11:22 | Create | Spearman |
| 11:31 | Create | Villager (Male) |
| 11:34 | Build | Farm |
| 11:41 | Build | House |
| 11:48 | Research | Town Watch |
| 11:48 | Research | Town Watch |
| 12:05 | Create | Villager (Male) |
| 12:23 | Create | Villager (Male) |
| 12:29 | Build | Archery Range |
| 12:48 | Create | Villager (Male) |
| 12:48 | Create | Villager (Male) |
| 12:54 | Create | Villager (Male) |
| 13:13 | Create | Villager (Male) |
| 13:20 | Build | Farm |
| 13:21 | Build | Farm |
| 13:22 | Build | Farm |
| 13:23 | Build | Farm |
| 13:25 | Create | Villager (Male) |
| 13:26 | Create | Villager (Male) |
| 13:39 | Build | Farm |
| 13:42 | Create | Villager (Male) |
| 13:54 | Create | Skirmisher |
| 13:54 | Create | Skirmisher |
| 13:54 | Create | Skirmisher |
| 14:10 | Build | Mining Camp |
| 14:38 | Build | Watch Tower |
| 14:57 | Build | House |
| 14:58 | Build | House |
| 15:04 | Research | Wheelbarrow |
| 15:32 | Create | Skirmisher |
| 15:34 | Create | Villager (Male) |
| 15:34 | Create | Villager (Male) |
| 15:57 | Build | Watch Tower |
| 16:26 | Create | Skirmisher |
| 16:27 | Create | Skirmisher |
| 17:04 | Create | Villager (Male) |
| 17:15 | Build | Market |
| 17:17 | Build | House |
| 17:24 | Build | Farm |
| 17:25 | Build | Farm |
| 17:27 | Build | Mining Camp |
| 17:33 | Build | Palisade Wall |
| 18:36 | Create | Villager (Male) |
| 18:36 | Create | Villager (Male) |
| 18:37 | Create | Villager (Male) |
| 18:38 | Build | Farm |
| 18:39 | Build | Farm |
| 18:41 | Build | Farm |
| 18:56 | Create | Skirmisher |
| 19:22 | Create | Skirmisher |
| 19:22 | Create | Skirmisher |
| 19:29 | Build | Farm |
| 19:40 | Build | House |
| 19:42 | Create | Villager (Male) |
| 19:56 | Build | House |
| 20:00 | Build | House |
| 20:28 | Research | Castle Age |
| 20:52 | Build | Palisade Wall |
| 20:54 | Build | Palisade Wall |
| 20:58 | Build | Blacksmith |
| 21:01 | Build | Mining Camp |
| 21:10 | Build | Farm |
| 21:11 | Build | Farm |
| 21:12 | Build | Farm |
| 21:29 | Build | Farm |
| 21:39 | Research | Fletching |
| 21:50 | Create | Spearman |
| 22:20 | Build | Stable |
| 22:23 | Build | Farm |
| 22:58 | Create | Villager (Male) |
| 23:02 | Research | Forging |
| 23:07 | Age | Castle Age |
| 23:16 | Research | Double-Bit Axe |
| 23:19 | Create | Knight |
| 23:19 | Create | Knight |
| 23:27 | Research | Horse Collar |
| 23:44 | Create | Villager (Male) |
| 23:45 | Create | Villager (Male) |
| 24:05 | Research | Bloodlines |
| 24:05 | Research | Bloodlines |
| 24:20 | Create | Villager (Male) |
| 24:35 | Build | Town Center |
| 24:37 | Create | Villager (Male) |
| 24:37 | Create | Villager (Male) |
| 24:51 | Build | Town Center |
Match timeline
| 7:23 | ggeatom · first_building Barracks |
| 7:36 | [KoM] SirFreddi · first_building Barracks |
| 7:47 | [KoM] SirFreddi · wall_segment Palisade Wall x3 |
| 8:41 | [KoM] SirFreddi · wall_segment Palisade Wall x1 |
| 8:51 | [KoM] SirFreddi · wall_segment Palisade Wall x8 |
| 9:17 | [KoM] SirFreddi · age_up feudal |
| 9:30 | [KoM] SirFreddi · first_building Stable |
| 9:43 | [KoM] SirFreddi · wall_segment Palisade Wall x8 |
| 9:51 | ggeatom · age_up feudal |
| 10:29 | [KoM] SirFreddi · first_building Archery Range |
| 12:29 | ggeatom · first_building Archery Range |
| 12:46 | [KoM] SirFreddi · wall_segment Palisade Wall x1 |
| 17:33 | ggeatom · wall_segment Palisade Wall x5 |
| 20:23 | ggeatom · first_market_sell 100 stone |
| 20:52 | ggeatom · wall_segment Palisade Wall x2 |
| 20:54 | ggeatom · wall_segment Palisade Wall x3 |
| 21:30 | [KoM] SirFreddi · first_market_sell 100 wood |
| 21:32 | [KoM] SirFreddi · first_market_buy 100 food |
| 22:20 | ggeatom · first_building Stable |
| 23:07 | ggeatom · age_up castle |
| 24:48 | [KoM] SirFreddi · age_up castle |
| 25:35 | ggeatom · wall_segment Palisade Wall x5 |
| 26:19 | ggeatom · first_building Monastery |
| 26:53 | ggeatom · wall_segment Palisade Wall x1 |
| 27:42 | [KoM] SirFreddi · first_building Castle |
| 29:27 | [KoM] SirFreddi · first_building Siege Workshop |
| 31:35 | [KoM] SirFreddi · first_building Monastery |
| 34:10 | ggeatom · first_building Castle |
| 40:14 | [KoM] SirFreddi · age_up imperial |
| 42:19 | ggeatom · age_up imperial |
| 42:25 | [KoM] SirFreddi · wall_segment Palisade Wall x1 |
| 44:04 | [KoM] SirFreddi · wall_segment Palisade Wall x1 |
| 44:43 | [KoM] SirFreddi · resign |
[ AI ANALYSIS · 1 CREDIT ]
What really happened in this match?
Wolo.gg analyzes every decision: build order, eco, micro, common mistakes by bracket. Personalized analysis on WhatsApp or Discord in 30 seconds.
Civ guide
Lithuanians
Map guide
Arabia
Perfil
[KoM] SirFreddi